[ PARTIDA AOE2 · #477018749 ]
UnrankedJaponeses vs Spanish
[ ANÁLISIS DE REPETICIÓN · EXTRAÍDO DE LA PARTIDA GRABADA ]
Feudal
13:33
Castillos
24:12
Imperial
58:20
| APM promedio | 17.2 |
| APM pico | 37 |
| eAPM promedio | 10.6 |
| Aldeanos / militares | 138 / 9 |
Foco
⚔️ 16.3% · 🌾 83.7%
Fishing Ship ×25 · Battering Ram ×4 · Samurai ×2 · Transport Ship ×2 · Unknown (2626) ×2 · Demolition Raft ×1
Feudal
13:33
Castillos
17:03
Imperial
52:55
| APM promedio | 46.9 |
| APM pico | 107 |
| eAPM promedio | 29.4 |
| Aldeanos / militares | 197 / 357 |
Foco
⚔️ 32.1% · 🌾 67.9%
Scout Cavalry ×199 · Conquistador ×124 · Demolition Raft ×15 · Trade Cog ×12 · Trebuchet (Packed) ×12 · Fishing Ship ×11
Feudal
12:18
Castillos
22:35
Imperial
37:28
| APM promedio | 53.3 |
| APM pico | 87 |
| eAPM promedio | 30.1 |
| Aldeanos / militares | 219 / 895 |
Foco
⚔️ 46.2% · 🌾 53.8%
Knight ×807 · Militia ×39 · Galley ×28 · Fishing Ship ×21 · Trebuchet (Packed) ×9 · Fire Galley ×6
Feudal
13:59
Castillos
17:42
Imperial
42:33
| APM promedio | 48.1 |
| APM pico | 80 |
| eAPM promedio | 29.1 |
| Aldeanos / militares | 282 / 192 |
Foco
⚔️ 37.9% · 🌾 62.1%
Spearman ×186 · Unknown (2550) ×86 · Fishing Ship ×20 · Unknown (2579) ×15 · Unknown (2626) ×8 · Trebuchet (Packed) ×4
Feudal
12:45
Castillos
29:43
Imperial
48:52
| APM promedio | 42.0 |
| APM pico | 84 |
| eAPM promedio | 22.2 |
| Aldeanos / militares | 158 / 187 |
Foco
⚔️ 52.4% · 🌾 47.6%
Knight ×160 · Genitour ×16 · Fishing Ship ×16 · Scout Cavalry ×8 · Fire Galley ×1 · Transport Ship ×1
Feudal
16:09
Castillos
21:41
Imperial
41:12
| APM promedio | 42.7 |
| APM pico | 122 |
| eAPM promedio | 31.2 |
| Aldeanos / militares | 292 / 433 |
Foco
⚔️ 41.6% · 🌾 58.4%
Magyar Huszar ×335 · Spearman ×64 · Trebuchet (Packed) ×29 · Fishing Ship ×20 · Mangonel ×5
Feudal
15:42
Castillos
19:30
Imperial
51:57
| APM promedio | 23.8 |
| APM pico | 50 |
| eAPM promedio | 15.7 |
| Aldeanos / militares | 146 / 196 |
Foco
⚔️ 34.1% · 🌾 65.9%
Huskarl ×143 · Militia ×53 · Fishing Ship ×5 · Trade Cart ×1
Feudal
13:16
Castillos
27:22
Imperial
37:28
| APM promedio | 50.2 |
| APM pico | 101 |
| eAPM promedio | 29.9 |
| Aldeanos / militares | 151 / 164 |
Foco
⚔️ 32.3% · 🌾 67.7%
Militia ×67 · Trade Cog ×66 · Archer ×49 · Spearman ×46 · Fishing Ship ×16 · Unknown (1959) ×9
Mapa de la partida
Recursos iniciales + cada clic de construcción. Líneas = muros · curvas = relieve. ◆ oro · ⬟ piedra · ● bayas · ✦ reliquia · ◌ hueco del cierre
Tu base· Abierta — hueco de 5t
Base de 摸鱼种田· Abierta — hueco de 8t
Base de DNNANAV4· Abierta — hueco de 8t
Base de Locke· Abierta — hueco de 8t
Base de OLADUSHEK· Abierta — flanco sin cerrar
Base de guri· Abierta — hueco de 9t
Base de MeowMe· Abierta — hueco de 12t
Base de knife· Abierta — hueco de 5t
Terreno inicial suavizado · ◌ = hueco del cierre detectado · pasá el cursor para detalles
Inputs por minuto
— Wall.E - - 摸鱼种田
Build order — Wall.E
Primeras 150 de 328 acciones detectadas
| 0:24 | Construir | Town Center |
| 0:37 | Construir | Dock |
| 0:40 | Construir | Palisade Wall |
| 0:43 | Construir | House |
| 1:05 | Construir | Palisade Wall |
| 1:08 | Construir | Palisade Wall |
| 2:48 | Crear | Villager (Male) |
| 2:49 | Crear | Villager (Male) |
| 2:49 | Crear | Villager (Male) |
| 2:49 | Crear | Villager (Male) |
| 2:49 | Crear | Villager (Male) |
| 2:50 | Crear | Villager (Male) |
| 4:02 | Crear | Villager (Male) |
| 4:03 | Crear | Villager (Male) |
| 4:10 | Investigar | Loom |
| 4:26 | Crear | Fishing Ship |
| 4:34 | Construir | House |
| 5:28 | Crear | Villager (Male) |
| 5:34 | Crear | Fishing Ship |
| 6:05 | Crear | Villager (Male) |
| 6:17 | Construir | House |
| 6:35 | Crear | Villager (Male) |
| 6:42 | Crear | Fishing Ship |
| 7:04 | Crear | Villager (Male) |
| 7:12 | Construir | Mill |
| 7:38 | Crear | Villager (Male) |
| 8:05 | Crear | Villager (Male) |
| 8:12 | Crear | Fishing Ship |
| 8:20 | Construir | House |
| 8:48 | Crear | Villager (Male) |
| 8:48 | Crear | Villager (Male) |
| 8:48 | Crear | Villager (Male) |
| 9:52 | Construir | House |
| 9:54 | Crear | Fishing Ship |
| 10:09 | Crear | Villager (Male) |
| 10:15 | Construir | Mining Camp |
| 10:19 | Construir | Palisade Wall |
| 10:21 | Construir | Palisade Wall |
| 11:16 | Construir | House |
| 11:20 | Construir | Palisade Wall |
| 11:23 | Investigar | Feudal Age |
| 11:35 | Construir | Lumber Camp |
| 11:46 | Crear | Villager (Male) |
| 11:49 | Crear | Fishing Ship |
| 12:11 | Crear | Villager (Male) |
| 12:23 | Construir | Outpost |
| 12:25 | Crear | Villager (Male) |
| 12:41 | Crear | Villager (Male) |
| 13:25 | Construir | House |
| 13:33 | Edad | Edad Feudal |
| 13:37 | Construir | Watch Tower |
| 14:00 | Crear | Villager (Male) |
| 14:06 | Construir | Dock |
| 14:25 | Construir | Watch Tower |
| 14:30 | Construir | Watch Tower |
| 14:38 | Crear | Villager (Male) |
| 15:34 | Construir | Watch Tower |
| 15:49 | Construir | Watch Tower |
| 15:59 | Crear | Villager (Male) |
| 16:00 | Crear | Villager (Male) |
| 16:18 | Construir | Blacksmith |
| 16:47 | Crear | Villager (Male) |
| 16:48 | Investigar | Fletching |
| 16:55 | Crear | Fishing Ship |
| 16:59 | Construir | House |
| 17:03 | Crear | Villager (Male) |
| 17:15 | Construir | Watch Tower |
| 17:53 | Crear | Villager (Male) |
| 18:06 | Crear | Villager (Male) |
| 18:27 | Construir | Mining Camp |
| 18:31 | Construir | Watch Tower |
| 18:37 | Crear | Villager (Male) |
| 18:46 | Crear | Villager (Male) |
| 19:23 | Crear | Villager (Male) |
| 19:25 | Crear | Fishing Ship |
| 19:58 | Crear | Unit 2626 |
| 20:02 | Construir | House |
| 20:11 | Construir | Market |
| 20:14 | Crear | Villager (Male) |
| 20:39 | Construir | Watch Tower |
| 21:15 | Crear | Unit 2626 |
| 21:32 | Investigar | Castle Age |
| 21:33 | Investigar | Castle Age |
| 21:33 | Investigar | Castle Age |
| 22:26 | Construir | House |
| 22:29 | Crear | Fishing Ship |
| 22:30 | Crear | Fishing Ship |
| 23:13 | Construir | House |
| 23:15 | Construir | Palisade Wall |
| 23:15 | Construir | Palisade Wall |
| 23:20 | Construir | Lumber Camp |
| 23:21 | Investigar | Double-Bit Axe |
| 23:21 | Investigar | Double-Bit Axe |
| 23:22 | Investigar | Double-Bit Axe |
| 23:22 | Investigar | Double-Bit Axe |
| 23:22 | Investigar | Double-Bit Axe |
| 23:23 | Investigar | Double-Bit Axe |
| 23:23 | Investigar | Double-Bit Axe |
| 23:23 | Investigar | Double-Bit Axe |
| 23:23 | Investigar | Double-Bit Axe |
| 23:51 | Construir | Watch Tower |
| 24:12 | Edad | Edad de los Castillos |
| 24:17 | Crear | Villager (Male) |
| 24:31 | Crear | Villager (Male) |
| 24:36 | Crear | Fishing Ship |
| 24:36 | Crear | Fishing Ship |
| 25:05 | Construir | Castle |
| 25:31 | Crear | Villager (Male) |
| 26:01 | Investigar | Bodkin Arrow |
| 26:24 | Investigar | Horse Collar |
| 26:50 | Crear | Villager (Male) |
| 27:00 | Construir | Town Center |
| 27:02 | Crear | Villager (Male) |
| 27:22 | Construir | Siege Workshop |
| 27:29 | Crear | Villager (Male) |
| 27:35 | Construir | Farm |
| 27:37 | Construir | Farm |
| 27:40 | Construir | Farm |
| 27:43 | Crear | Villager (Male) |
| 28:05 | Construir | Palisade Wall |
| 28:08 | Construir | Palisade Wall |
| 28:17 | Crear | Villager (Male) |
| 28:20 | Crear | Villager (Male) |
| 28:22 | Construir | Farm |
| 28:24 | Construir | Farm |
| 28:34 | Crear | Villager (Male) |
| 28:41 | Construir | Farm |
| 28:46 | Construir | Farm |
| 28:50 | Crear | Villager (Male) |
| 28:54 | Crear | Battering Ram |
| 28:57 | Crear | Villager (Male) |
| 29:11 | Crear | Villager (Male) |
| 29:45 | Crear | Battering Ram |
| 29:46 | Crear | Villager (Male) |
| 29:54 | Crear | Samurai |
| 29:58 | Crear | Samurai |
| 30:25 | Crear | Battering Ram |
| 30:28 | Crear | Villager (Male) |
| 30:46 | Crear | Villager (Male) |
| 30:50 | Construir | Farm |
| 30:54 | Crear | Villager (Male) |
| 31:04 | Crear | Villager (Male) |
| 31:07 | Crear | Villager (Male) |
| 31:25 | Construir | Dock |
| 31:38 | Crear | Villager (Male) |
| 31:58 | Crear | Battering Ram |
| 32:00 | Crear | Villager (Male) |
| 32:18 | Crear | Transport Ship |
| 32:21 | Crear | Villager (Male) |
| 32:37 | Crear | Villager (Male) |
Build order — 摸鱼种田
Primeras 150 de 798 acciones detectadas
| 0:03 | Construir | Town Center |
| 0:23 | Construir | Dock |
| 0:24 | Construir | House |
| 2:36 | Crear | Villager (Male) |
| 2:36 | Crear | Villager (Male) |
| 2:37 | Crear | Villager (Male) |
| 2:37 | Crear | Villager (Male) |
| 3:14 | Crear | Villager (Male) |
| 3:14 | Crear | Villager (Male) |
| 3:40 | Crear | Fishing Ship |
| 3:40 | Crear | Fishing Ship |
| 4:27 | Construir | House |
| 4:43 | Crear | Villager (Male) |
| 4:43 | Crear | Villager (Male) |
| 4:43 | Crear | Villager (Male) |
| 5:07 | Investigar | Loom |
| 5:22 | Crear | Villager (Male) |
| 5:23 | Crear | Villager (Male) |
| 5:29 | Crear | Fishing Ship |
| 5:52 | Crear | Villager (Male) |
| 5:52 | Crear | Villager (Male) |
| 6:03 | Crear | Villager (Male) |
| 6:03 | Crear | Villager (Male) |
| 6:03 | Crear | Villager (Male) |
| 6:07 | Construir | House |
| 6:25 | Crear | Fishing Ship |
| 6:46 | Crear | Villager (Male) |
| 6:46 | Crear | Villager (Male) |
| 6:47 | Crear | Villager (Male) |
| 7:09 | Construir | House |
| 7:24 | Crear | Fishing Ship |
| 7:24 | Crear | Fishing Ship |
| 7:26 | Crear | Villager (Male) |
| 7:35 | Crear | Villager (Male) |
| 7:35 | Crear | Villager (Male) |
| 7:41 | Construir | House |
| 7:58 | Crear | Villager (Male) |
| 7:58 | Crear | Villager (Male) |
| 7:59 | Crear | Villager (Male) |
| 8:15 | Crear | Fishing Ship |
| 8:16 | Crear | Fishing Ship |
| 8:16 | Crear | Villager (Male) |
| 8:31 | Crear | Villager (Male) |
| 8:32 | Crear | Villager (Male) |
| 8:43 | Construir | House |
| 8:52 | Crear | Villager (Male) |
| 9:04 | Construir | Palisade Gate |
| 9:21 | Construir | Palisade Gate |
| 9:34 | Crear | Villager (Male) |
| 9:34 | Crear | Villager (Male) |
| 9:40 | Crear | Fishing Ship |
| 9:40 | Crear | Fishing Ship |
| 9:44 | Crear | Villager (Male) |
| 9:44 | Crear | Villager (Male) |
| 9:50 | Construir | Mill |
| 10:10 | Construir | House |
| 10:23 | Construir | House |
| 10:25 | Crear | Villager (Male) |
| 10:31 | Crear | Fishing Ship |
| 10:58 | Crear | Villager (Male) |
| 11:20 | Investigar | Feudal Age |
| 11:20 | Investigar | Feudal Age |
| 11:46 | Construir | Mining Camp |
| 12:47 | Crear | Villager (Male) |
| 12:47 | Crear | Villager (Male) |
| 13:33 | Edad | Edad Feudal |
| 13:43 | Construir | Blacksmith |
| 13:47 | Construir | Market |
| 14:17 | Investigar | Castle Age |
| 14:17 | Investigar | Castle Age |
| 15:15 | Construir | Lumber Camp |
| 17:03 | Edad | Edad de los Castillos |
| 17:17 | Construir | Castle |
| 17:35 | Crear | Villager (Male) |
| 17:36 | Crear | Villager (Male) |
| 18:29 | Construir | Stone Wall |
| 18:33 | Construir | Stone Wall |
| 18:44 | Construir | Stone Wall |
| 18:54 | Investigar | Fletching |
| 19:40 | Crear | Conquistador |
| 19:40 | Crear | Conquistador |
| 19:45 | Crear | Villager (Male) |
| 19:45 | Crear | Villager (Male) |
| 19:50 | Construir | Farm |
| 19:52 | Construir | Farm |
| 19:57 | Construir | Farm |
| 20:01 | Construir | Farm |
| 20:02 | Construir | Farm |
| 20:34 | Construir | Farm |
| 20:37 | Construir | Farm |
| 20:41 | Construir | Farm |
| 20:44 | Construir | Farm |
| 20:53 | Crear | Villager (Male) |
| 20:54 | Crear | Villager (Male) |
| 21:00 | Crear | Villager (Male) |
| 21:19 | Crear | Conquistador |
| 21:26 | Construir | Farm |
| 21:28 | Construir | Farm |
| 21:35 | Crear | Villager (Male) |
| 21:58 | Construir | Farm |
| 22:00 | Crear | Conquistador |
| 22:00 | Crear | Conquistador |
| 22:00 | Crear | Conquistador |
| 22:12 | Construir | Farm |
| 22:31 | Crear | Conquistador |
| 22:44 | Crear | Villager (Male) |
| 22:50 | Construir | Farm |
| 23:07 | Crear | Conquistador |
| 23:26 | Crear | Conquistador |
| 23:35 | Construir | Mill |
| 23:35 | Construir | Farm |
| 23:37 | Crear | Villager (Male) |
| 23:43 | Construir | House |
| 23:44 | Construir | House |
| 23:45 | Construir | House |
| 23:46 | Construir | House |
| 24:04 | Crear | Conquistador |
| 24:07 | Crear | Villager (Male) |
| 24:07 | Crear | Villager (Male) |
| 24:23 | Crear | Villager (Male) |
| 24:52 | Crear | Conquistador |
| 24:53 | Crear | Villager (Male) |
| 25:19 | Crear | Villager (Male) |
| 25:29 | Construir | Town Center |
| 25:47 | Crear | Conquistador |
| 25:48 | Crear | Villager (Male) |
| 25:53 | Construir | Farm |
| 25:54 | Crear | Villager (Male) |
| 26:14 | Crear | Conquistador |
| 26:14 | Crear | Conquistador |
| 26:35 | Crear | Villager (Male) |
| 26:38 | Construir | Farm |
| 26:49 | Crear | Conquistador |
| 26:51 | Crear | Villager (Male) |
| 26:59 | Investigar | Double-Bit Axe |
| 27:07 | Crear | Villager (Male) |
| 27:20 | Crear | Villager (Male) |
| 27:29 | Crear | Villager (Male) |
| 27:41 | Crear | Conquistador |
| 27:50 | Crear | Villager (Male) |
| 27:58 | Crear | Villager (Male) |
| 27:58 | Crear | Villager (Male) |
| 28:02 | Construir | Farm |
| 28:03 | Construir | Farm |
| 28:03 | Construir | Farm |
| 28:03 | Construir | Farm |
| 28:03 | Construir | Farm |
| 28:03 | Construir | Farm |
| 28:05 | Construir | Farm |
| 28:10 | Crear | Villager (Male) |
Build order — DNNANAV4
Primeras 150 de 898 acciones detectadas
| 0:05 | Construir | Town Center |
| 0:34 | Construir | Dock |
| 0:35 | Construir | House |
| 2:38 | Crear | Villager (Male) |
| 2:38 | Crear | Villager (Male) |
| 2:38 | Crear | Villager (Male) |
| 2:38 | Crear | Villager (Male) |
| 2:38 | Crear | Villager (Male) |
| 3:36 | Crear | Villager (Male) |
| 3:36 | Crear | Villager (Male) |
| 3:36 | Crear | Villager (Male) |
| 3:53 | Crear | Fishing Ship |
| 4:17 | Construir | House |
| 4:39 | Investigar | Loom |
| 5:01 | Crear | Fishing Ship |
| 5:27 | Crear | Villager (Male) |
| 5:27 | Crear | Villager (Male) |
| 5:27 | Crear | Villager (Male) |
| 5:27 | Crear | Villager (Male) |
| 5:27 | Crear | Villager (Male) |
| 5:34 | Crear | Fishing Ship |
| 6:00 | Construir | House |
| 6:07 | Crear | Villager (Male) |
| 6:07 | Crear | Villager (Male) |
| 6:07 | Crear | Villager (Male) |
| 6:07 | Crear | Villager (Male) |
| 6:07 | Crear | Villager (Male) |
| 6:22 | Crear | Fishing Ship |
| 6:41 | Crear | Villager (Male) |
| 6:41 | Crear | Villager (Male) |
| 7:03 | Crear | Fishing Ship |
| 7:06 | Crear | Villager (Male) |
| 7:06 | Crear | Villager (Male) |
| 7:06 | Crear | Villager (Male) |
| 7:32 | Crear | Villager (Male) |
| 7:32 | Crear | Villager (Male) |
| 7:32 | Crear | Villager (Male) |
| 7:36 | Construir | House |
| 7:53 | Crear | Fishing Ship |
| 8:03 | Crear | Villager (Male) |
| 8:03 | Crear | Villager (Male) |
| 8:03 | Crear | Villager (Male) |
| 8:03 | Crear | Villager (Male) |
| 8:10 | Crear | Villager (Male) |
| 8:10 | Crear | Villager (Male) |
| 8:10 | Crear | Villager (Male) |
| 8:10 | Crear | Villager (Male) |
| 8:10 | Crear | Villager (Male) |
| 8:36 | Crear | Fishing Ship |
| 8:39 | Construir | House |
| 8:41 | Crear | Villager (Male) |
| 8:41 | Crear | Villager (Male) |
| 8:41 | Crear | Villager (Male) |
| 8:53 | Crear | Villager (Male) |
| 9:16 | Construir | Mining Camp |
| 9:42 | Crear | Villager (Male) |
| 10:05 | Investigar | Feudal Age |
| 10:06 | Investigar | Feudal Age |
| 10:20 | Crear | Fishing Ship |
| 10:22 | Crear | Villager (Male) |
| 11:00 | Construir | Dock |
| 11:06 | Crear | Fishing Ship |
| 11:17 | Construir | House |
| 11:21 | Crear | Villager (Male) |
| 11:27 | Construir | House |
| 11:47 | Construir | Lumber Camp |
| 12:18 | Edad | Edad Feudal |
| 12:19 | Crear | Unit 2626 |
| 12:24 | Crear | Unit 2626 |
| 12:41 | Crear | Villager (Male) |
| 12:45 | Investigar | Town Watch |
| 12:54 | Crear | Villager (Male) |
| 13:00 | Crear | Fire Galley |
| 13:02 | Crear | Fire Galley |
| 13:03 | Crear | Fire Galley |
| 13:25 | Investigar | Double-Bit Axe |
| 13:26 | Crear | Villager (Male) |
| 13:53 | Crear | Fire Galley |
| 13:54 | Crear | Fire Galley |
| 13:54 | Crear | Fire Galley |
| 13:55 | Crear | Villager (Male) |
| 14:02 | Investigar | Wheelbarrow |
| 14:17 | Crear | Villager (Male) |
| 14:33 | Construir | House |
| 14:34 | Construir | House |
| 14:36 | Construir | Stone Wall |
| 14:41 | Construir | House |
| 14:42 | Construir | House |
| 14:42 | Construir | House |
| 14:43 | Construir | House |
| 14:45 | Crear | Fishing Ship |
| 14:46 | Crear | Fishing Ship |
| 14:47 | Crear | Fishing Ship |
| 15:46 | Crear | Villager (Male) |
| 15:59 | Crear | Fishing Ship |
| 16:01 | Crear | Fishing Ship |
| 16:02 | Investigar | Tech 906 |
| 16:04 | Crear | Fishing Ship |
| 16:18 | Construir | Gate |
| 16:20 | Construir | House |
| 16:25 | Construir | Lumber Camp |
| 16:28 | Crear | Villager (Male) |
| 16:51 | Construir | House |
| 16:54 | Construir | Blacksmith |
| 16:58 | Crear | Villager (Male) |
| 17:26 | Crear | Villager (Male) |
| 17:27 | Crear | Villager (Male) |
| 17:30 | Construir | Gate |
| 17:32 | Construir | House |
| 17:38 | Construir | Mining Camp |
| 17:45 | Construir | Mill |
| 17:53 | Crear | Fishing Ship |
| 17:53 | Crear | Fishing Ship |
| 17:54 | Crear | Fishing Ship |
| 18:18 | Crear | Villager (Male) |
| 18:25 | Construir | Dock |
| 18:34 | Construir | Market |
| 18:45 | Crear | Villager (Male) |
| 18:46 | Crear | Villager (Male) |
| 18:52 | Construir | Gate |
| 18:56 | Construir | Stone Wall |
| 18:58 | Construir | Stone Wall |
| 19:09 | Crear | Fishing Ship |
| 19:09 | Crear | Fishing Ship |
| 19:09 | Crear | Fishing Ship |
| 19:26 | Construir | Lumber Camp |
| 19:29 | Construir | Lumber Camp |
| 19:55 | Investigar | Castle Age |
| 20:35 | Construir | Dock |
| 20:41 | Crear | Demolition Raft |
| 20:44 | Crear | Villager (Male) |
| 21:01 | Construir | Barracks |
| 21:43 | Crear | Galley |
| 21:43 | Crear | Galley |
| 21:43 | Crear | Galley |
| 21:43 | Crear | Galley |
| 21:48 | Investigar | Fletching |
| 21:52 | Crear | Villager (Male) |
| 22:35 | Edad | Edad de los Castillos |
| 22:35 | Crear | Villager (Male) |
| 22:38 | Construir | Town Center |
| 22:44 | Construir | Town Center |
| 22:47 | Crear | Villager (Male) |
| 22:50 | Investigar | Bow Saw |
| 23:00 | Investigar | War Galley (upgrade) |
| 23:02 | Investigar | Bodkin Arrow |
| 23:04 | Crear | Villager (Male) |
| 23:04 | Crear | Villager (Male) |
| 23:04 | Crear | Villager (Male) |
| 23:05 | Crear | Villager (Male) |
Build order — Locke
Primeras 150 de 863 acciones detectadas
| 0:36 | Construir | Town Center |
| 1:08 | Construir | Dock |
| 1:10 | Construir | House |
| 2:20 | Construir | Palisade Wall |
| 2:24 | Construir | Palisade Wall |
| 2:33 | Construir | Palisade Wall |
| 2:54 | Crear | Villager (Male) |
| 2:54 | Crear | Villager (Male) |
| 2:54 | Crear | Villager (Male) |
| 2:54 | Crear | Villager (Male) |
| 2:55 | Crear | Villager (Male) |
| 3:44 | Crear | Fishing Ship |
| 3:45 | Crear | Fishing Ship |
| 3:57 | Crear | Villager (Male) |
| 3:57 | Crear | Villager (Male) |
| 4:16 | Construir | House |
| 5:03 | Crear | Villager (Male) |
| 5:03 | Crear | Villager (Male) |
| 5:25 | Crear | Fishing Ship |
| 5:29 | Crear | Villager (Male) |
| 5:29 | Crear | Villager (Male) |
| 5:48 | Investigar | Loom |
| 5:48 | Investigar | Loom |
| 5:59 | Construir | House |
| 6:01 | Crear | Villager (Male) |
| 6:02 | Crear | Villager (Male) |
| 6:25 | Construir | Palisade Wall |
| 6:27 | Construir | Palisade Wall |
| 6:37 | Construir | Palisade Wall |
| 6:45 | Crear | Fishing Ship |
| 6:49 | Crear | Villager (Male) |
| 6:49 | Crear | Villager (Male) |
| 6:49 | Crear | Villager (Male) |
| 7:00 | Crear | Villager (Male) |
| 7:00 | Crear | Villager (Male) |
| 7:40 | Crear | Villager (Male) |
| 7:40 | Crear | Villager (Male) |
| 7:48 | Crear | Villager (Male) |
| 7:48 | Crear | Villager (Male) |
| 7:48 | Crear | Villager (Male) |
| 7:51 | Crear | Fishing Ship |
| 7:57 | Construir | House |
| 8:03 | Construir | Palisade Wall |
| 8:03 | Construir | Palisade Wall |
| 8:40 | Crear | Villager (Male) |
| 8:54 | Crear | Villager (Male) |
| 8:58 | Construir | House |
| 9:01 | Crear | Villager (Male) |
| 9:15 | Construir | House |
| 9:23 | Crear | Villager (Male) |
| 9:33 | Construir | House |
| 9:51 | Construir | House |
| 9:52 | Crear | Fishing Ship |
| 10:04 | Construir | Settlement |
| 10:11 | Crear | Villager (Male) |
| 10:55 | Crear | Villager (Male) |
| 11:13 | Investigar | Feudal Age |
| 11:13 | Investigar | Feudal Age |
| 11:40 | Construir | Settlement |
| 12:54 | Construir | House |
| 13:35 | Construir | Palisade Wall |
| 13:59 | Edad | Edad Feudal |
| 14:00 | Crear | Villager (Male) |
| 14:01 | Crear | Villager (Male) |
| 14:03 | Construir | Blacksmith |
| 14:09 | Construir | Market |
| 15:01 | Construir | Dock |
| 15:02 | Investigar | Castle Age |
| 15:05 | Investigar | Double-Bit Axe |
| 15:05 | Investigar | Double-Bit Axe |
| 15:55 | Crear | Fire Galley |
| 16:02 | Crear | Unit 2626 |
| 16:54 | Crear | Villager (Male) |
| 16:56 | Investigar | Fletching |
| 16:57 | Investigar | Fletching |
| 17:34 | Crear | Villager (Male) |
| 17:42 | Edad | Edad de los Castillos |
| 17:46 | Construir | Castle |
| 17:50 | Crear | Villager (Male) |
| 18:10 | Construir | Town Center |
| 18:22 | Crear | Villager (Male) |
| 18:42 | Construir | Palisade Gate |
| 18:50 | Crear | Unit 2579 |
| 18:51 | Crear | Unit 2579 |
| 18:52 | Crear | Villager (Male) |
| 18:58 | Investigar | Tech 906 |
| 18:58 | Investigar | Tech 906 |
| 19:08 | Crear | Villager (Male) |
| 19:10 | Crear | Unit 2579 |
| 19:30 | Crear | Unit 2626 |
| 19:30 | Crear | Unit 2626 |
| 19:31 | Crear | Villager (Male) |
| 19:35 | Crear | Unit 2579 |
| 20:00 | Crear | Unit 2579 |
| 20:00 | Crear | Villager (Male) |
| 20:23 | Crear | Villager (Male) |
| 20:32 | Crear | Villager (Male) |
| 20:40 | Crear | Villager (Male) |
| 20:46 | Construir | Town Center |
| 20:52 | Crear | Villager (Male) |
| 20:52 | Crear | Unit 2579 |
| 21:07 | Crear | Villager (Male) |
| 21:09 | Construir | Farm |
| 21:30 | Crear | Villager (Male) |
| 21:34 | Construir | Siege Workshop |
| 21:36 | Crear | Unit 2579 |
| 21:39 | Crear | Villager (Male) |
| 21:42 | Construir | Farm |
| 21:43 | Crear | Villager (Male) |
| 21:46 | Construir | Farm |
| 21:48 | Crear | Villager (Male) |
| 21:56 | Crear | Unit 2626 |
| 21:56 | Crear | Unit 2626 |
| 22:25 | Crear | Villager (Male) |
| 22:32 | Construir | House |
| 22:33 | Crear | Villager (Male) |
| 22:39 | Crear | Unit 2626 |
| 22:55 | Investigar | War Galley (upgrade) |
| 22:55 | Investigar | War Galley (upgrade) |
| 22:55 | Investigar | War Galley (upgrade) |
| 22:57 | Crear | Villager (Male) |
| 23:01 | Crear | Villager (Male) |
| 23:02 | Crear | Unit 2579 |
| 23:05 | Crear | Villager (Male) |
| 23:07 | Construir | Farm |
| 23:12 | Construir | Settlement |
| 23:26 | Crear | Mangonel |
| 23:28 | Crear | Villager (Male) |
| 23:31 | Crear | Villager (Male) |
| 23:35 | Construir | House |
| 23:36 | Construir | House |
| 23:43 | Crear | Villager (Male) |
| 23:45 | Construir | House |
| 23:45 | Crear | Unit 2579 |
| 23:56 | Crear | Villager (Male) |
| 23:59 | Crear | Villager (Male) |
| 24:00 | Construir | Farm |
| 24:06 | Crear | Villager (Male) |
| 24:26 | Crear | Unit 2626 |
| 24:27 | Crear | Unit 2626 |
| 24:31 | Construir | House |
| 24:54 | Crear | Unit 2579 |
| 24:55 | Crear | Villager (Male) |
| 24:56 | Crear | Villager (Male) |
| 24:57 | Crear | Villager (Male) |
| 25:00 | Construir | House |
| 25:09 | Construir | House |
| 25:14 | Investigar | Gillnets |
| 25:14 | Investigar | Gillnets |
| 25:20 | Crear | Villager (Male) |
Build order — OLADUSHEK
Primeras 150 de 483 acciones detectadas
| 0:08 | Construir | House |
| 1:01 | Construir | Town Center |
| 1:15 | Construir | Dock |
| 2:56 | Crear | Villager (Male) |
| 2:57 | Crear | Villager (Male) |
| 2:59 | Crear | Villager (Male) ×2 |
| 4:14 | Crear | Villager (Male) |
| 4:19 | Crear | Fishing Ship |
| 4:55 | Construir | House |
| 5:03 | Crear | Villager (Male) |
| 5:22 | Investigar | Loom |
| 5:33 | Crear | Villager (Male) |
| 5:58 | Crear | Fishing Ship |
| 6:11 | Crear | Villager (Male) |
| 6:47 | Crear | Villager (Male) |
| 6:47 | Crear | Villager (Male) |
| 6:47 | Crear | Villager (Male) |
| 7:03 | Construir | House |
| 7:08 | Crear | Fishing Ship |
| 7:09 | Crear | Fishing Ship |
| 7:20 | Crear | Villager (Male) |
| 7:20 | Crear | Villager (Male) |
| 7:20 | Crear | Villager (Male) |
| 7:35 | Crear | Villager (Male) |
| 7:59 | Crear | Fishing Ship |
| 7:59 | Crear | Villager (Male) |
| 8:00 | Crear | Villager (Male) |
| 8:23 | Construir | House |
| 8:35 | Crear | Villager (Male) |
| 8:53 | Crear | Fishing Ship |
| 8:54 | Crear | Villager (Male) |
| 8:54 | Crear | Villager (Male) |
| 9:15 | Construir | Palisade Gate |
| 9:32 | Crear | Villager (Male) |
| 9:32 | Crear | Villager (Male) |
| 9:34 | Crear | Fishing Ship |
| 9:47 | Construir | Lumber Camp |
| 9:48 | Crear | Villager (Male) |
| 10:35 | Investigar | Feudal Age |
| 10:42 | Construir | Outpost |
| 11:06 | Construir | House |
| 11:11 | Construir | Palisade Wall |
| 11:22 | Construir | Barracks |
| 11:47 | Crear | Villager (Male) |
| 12:08 | Construir | Mining Camp |
| 12:45 | Edad | Edad Feudal |
| 12:49 | Construir | Watch Tower |
| 12:50 | Investigar | Town Watch |
| 12:54 | Construir | Stable |
| 12:58 | Crear | Villager (Male) |
| 12:59 | Crear | Villager (Male) |
| 13:18 | Crear | Fire Galley |
| 13:26 | Investigar | Tech 906 |
| 13:40 | Construir | House |
| 13:42 | Crear | Scout Cavalry |
| 13:42 | Crear | Scout Cavalry |
| 13:42 | Crear | Scout Cavalry |
| 14:06 | Crear | Villager (Male) |
| 14:06 | Crear | Villager (Male) |
| 14:10 | Investigar | Wheelbarrow |
| 14:10 | Investigar | Wheelbarrow |
| 14:40 | Crear | Scout Cavalry |
| 14:49 | Construir | Mill |
| 14:59 | Construir | House |
| 15:08 | Crear | Scout Cavalry |
| 15:20 | Crear | Villager (Male) |
| 15:38 | Crear | Fishing Ship |
| 15:52 | Construir | Watch Tower |
| 15:53 | Crear | Villager (Male) |
| 16:03 | Crear | Scout Cavalry |
| 16:13 | Construir | Lumber Camp |
| 16:33 | Crear | Villager (Male) |
| 16:36 | Crear | Villager (Male) |
| 16:51 | Construir | Mill |
| 17:03 | Investigar | Double-Bit Axe |
| 17:16 | Construir | House |
| 17:36 | Crear | Villager (Male) |
| 17:50 | Construir | Watch Tower |
| 18:40 | Construir | Lumber Camp |
| 19:01 | Crear | Scout Cavalry |
| 19:02 | Crear | Villager (Male) |
| 19:02 | Crear | Villager (Male) |
| 19:25 | Construir | Watch Tower |
| 19:32 | Crear | Scout Cavalry |
| 19:36 | Crear | Villager (Male) |
| 19:36 | Crear | Villager (Male) |
| 20:23 | Construir | House |
| 20:43 | Crear | Villager (Male) |
| 20:43 | Crear | Villager (Male) |
| 21:03 | Construir | Stone Wall |
| 21:06 | Construir | Stone Wall |
| 21:12 | Construir | Blacksmith |
| 22:33 | Construir | Lumber Camp |
| 22:54 | Construir | Lumber Camp |
| 23:22 | Construir | Market |
| 24:01 | Construir | Watch Tower |
| 24:05 | Construir | House |
| 24:09 | Construir | Stone Wall |
| 24:49 | Construir | Lumber Camp |
| 25:27 | Construir | Town Center |
| 26:16 | Construir | House |
| 26:17 | Construir | House |
| 26:17 | Construir | House |
| 26:20 | Construir | House |
| 26:28 | Investigar | Stone Mining |
| 27:03 | Investigar | Castle Age |
| 27:08 | Investigar | Gold Mining |
| 27:18 | Construir | Dock |
| 27:32 | Investigar | Horse Collar |
| 27:44 | Construir | Mill |
| 27:44 | Construir | Farm |
| 27:45 | Construir | Farm |
| 27:45 | Construir | Farm |
| 27:45 | Construir | Farm |
| 27:46 | Construir | Farm |
| 27:46 | Construir | Farm |
| 28:28 | Crear | Fishing Ship |
| 28:29 | Crear | Fishing Ship |
| 28:50 | Construir | Dock |
| 29:15 | Construir | Archery Range |
| 29:18 | Construir | Archery Range |
| 29:23 | Investigar | Fletching |
| 29:23 | Investigar | Padded Archer Armor |
| 29:24 | Crear | Villager (Male) |
| 29:25 | Crear | Villager (Male) |
| 29:31 | Construir | Farm |
| 29:43 | Edad | Edad de los Castillos |
| 29:50 | Investigar | Bow Saw |
| 30:05 | Investigar | Bodkin Arrow |
| 30:08 | Crear | Genitour |
| 30:25 | Crear | Genitour |
| 30:31 | Investigar | Gillnets |
| 30:31 | Investigar | Gillnets |
| 30:37 | Crear | Fishing Ship |
| 30:40 | Investigar | Gillnets |
| 30:48 | Construir | House |
| 30:49 | Construir | House |
| 30:51 | Crear | Genitour |
| 30:51 | Crear | Genitour |
| 31:00 | Crear | Villager (Male) |
| 31:24 | Crear | Villager (Male) |
| 31:24 | Crear | Villager (Male) |
| 31:25 | Crear | Villager (Male) |
| 31:33 | Construir | Stable |
| 31:48 | Crear | Villager (Male) |
| 32:00 | Crear | Genitour |
| 32:00 | Crear | Genitour |
| 32:16 | Crear | Fishing Ship |
| 32:16 | Crear | Fishing Ship |
| 32:29 | Crear | Genitour |
Build order — guri
Primeras 150 de 1015 acciones detectadas
| 0:20 | Construir | Town Center |
| 2:36 | Construir | Dock |
| 2:37 | Construir | House |
| 2:39 | Crear | Villager (Male) |
| 2:40 | Crear | Villager (Male) |
| 2:40 | Crear | Villager (Male) |
| 2:40 | Crear | Villager (Male) |
| 2:40 | Crear | Villager (Male) |
| 2:40 | Crear | Villager (Male) |
| 2:40 | Crear | Villager (Male) |
| 2:59 | Investigar | Loom |
| 3:04 | Crear | Villager (Male) |
| 3:13 | Crear | Villager (Male) |
| 3:13 | Crear | Villager (Male) |
| 3:14 | Crear | Villager (Male) |
| 4:26 | Construir | House |
| 4:27 | Construir | House |
| 4:31 | Construir | Palisade Wall |
| 4:37 | Crear | Villager (Male) |
| 4:38 | Crear | Villager (Male) |
| 4:38 | Crear | Villager (Male) |
| 5:05 | Crear | Villager (Male) |
| 5:06 | Crear | Villager (Male) |
| 5:06 | Crear | Villager (Male) |
| 5:18 | Crear | Villager (Male) |
| 5:19 | Crear | Villager (Male) |
| 5:46 | Crear | Villager (Male) |
| 5:46 | Crear | Villager (Male) |
| 6:21 | Crear | Villager (Male) |
| 6:21 | Crear | Villager (Male) |
| 6:23 | Crear | Fishing Ship |
| 6:23 | Crear | Fishing Ship |
| 6:37 | Construir | Palisade Wall |
| 6:43 | Construir | Palisade Wall |
| 6:51 | Crear | Villager (Male) |
| 6:51 | Crear | Villager (Male) |
| 6:53 | Crear | Villager (Male) |
| 7:03 | Construir | Palisade Wall |
| 7:22 | Crear | Villager (Male) |
| 7:23 | Crear | Villager (Male) |
| 7:23 | Crear | Villager (Male) |
| 7:41 | Crear | Fishing Ship |
| 7:41 | Crear | Fishing Ship |
| 7:57 | Crear | Villager (Male) |
| 7:57 | Crear | Villager (Male) |
| 7:57 | Crear | Villager (Male) |
| 7:58 | Crear | Villager (Male) |
| 8:20 | Crear | Villager (Male) |
| 8:20 | Crear | Villager (Male) |
| 8:20 | Crear | Villager (Male) |
| 8:33 | Crear | Fishing Ship |
| 8:33 | Crear | Fishing Ship |
| 8:34 | Crear | Fishing Ship |
| 8:37 | Crear | Fishing Ship |
| 8:37 | Crear | Fishing Ship |
| 8:39 | Crear | Villager (Male) |
| 8:39 | Crear | Villager (Male) |
| 8:40 | Crear | Villager (Male) |
| 8:46 | Construir | House |
| 8:50 | Crear | Villager (Male) |
| 8:50 | Crear | Villager (Male) |
| 8:50 | Crear | Villager (Male) |
| 9:00 | Construir | House |
| 9:25 | Crear | Villager (Male) |
| 9:26 | Crear | Villager (Male) |
| 9:26 | Crear | Villager (Male) |
| 9:26 | Crear | Villager (Male) |
| 9:26 | Crear | Villager (Male) |
| 9:42 | Crear | Fishing Ship |
| 9:51 | Crear | Villager (Male) |
| 9:51 | Crear | Villager (Male) |
| 9:51 | Crear | Villager (Male) |
| 9:58 | Construir | Palisade Wall |
| 10:00 | Construir | Palisade Wall |
| 10:30 | Construir | Mill |
| 10:34 | Crear | Villager (Male) |
| 10:35 | Crear | Villager (Male) |
| 10:35 | Crear | Villager (Male) |
| 10:35 | Crear | Villager (Male) |
| 10:53 | Crear | Villager (Male) |
| 10:54 | Crear | Villager (Male) |
| 10:54 | Crear | Villager (Male) |
| 11:22 | Construir | Farm |
| 11:24 | Construir | Farm |
| 11:25 | Construir | Farm |
| 11:27 | Construir | Farm |
| 11:31 | Crear | Fishing Ship |
| 11:31 | Crear | Fishing Ship |
| 11:35 | Crear | Villager (Male) |
| 11:35 | Crear | Villager (Male) |
| 11:35 | Crear | Villager (Male) |
| 11:38 | Construir | House |
| 11:39 | Construir | House |
| 12:14 | Construir | Farm |
| 12:15 | Construir | Farm |
| 12:38 | Crear | Fishing Ship |
| 12:38 | Crear | Fishing Ship |
| 12:39 | Crear | Fishing Ship |
| 13:22 | Construir | Mining Camp |
| 13:38 | Construir | Mining Camp |
| 13:39 | Crear | Villager (Male) |
| 13:59 | Investigar | Feudal Age |
| 13:59 | Investigar | Feudal Age |
| 14:00 | Investigar | Feudal Age |
| 14:09 | Construir | House |
| 14:11 | Construir | House |
| 14:54 | Crear | Villager (Male) |
| 15:38 | Construir | Farm |
| 15:44 | Construir | House |
| 15:45 | Construir | House |
| 16:09 | Edad | Edad Feudal |
| 16:13 | Construir | Dock |
| 16:19 | Crear | Villager (Male) |
| 16:24 | Crear | Villager (Male) |
| 17:09 | Construir | Market |
| 17:12 | Crear | Villager (Male) |
| 17:15 | Construir | Blacksmith |
| 17:20 | Construir | Palisade Wall |
| 17:29 | Crear | Villager (Male) |
| 18:23 | Construir | Gate |
| 18:28 | Construir | Gate |
| 18:50 | Construir | Watch Tower |
| 18:55 | Construir | Watch Tower |
| 18:58 | Investigar | Fletching |
| 18:59 | Investigar | Scale Barding Armor |
| 19:01 | Investigar | Castle Age |
| 19:02 | Investigar | Castle Age |
| 19:02 | Investigar | Wheelbarrow |
| 19:03 | Investigar | Wheelbarrow |
| 19:04 | Investigar | Town Watch |
| 19:04 | Investigar | Town Watch |
| 19:13 | Construir | Stone Wall |
| 19:45 | Construir | Lumber Camp |
| 20:52 | Investigar | Double-Bit Axe |
| 20:56 | Investigar | Horse Collar |
| 20:56 | Investigar | Horse Collar |
| 21:41 | Edad | Edad de los Castillos |
| 22:00 | Construir | Town Center |
| 22:12 | Construir | Town Center |
| 22:47 | Construir | Town Center |
| 22:59 | Investigar | Bow Saw |
| 22:59 | Investigar | Bow Saw |
| 23:00 | Crear | Villager (Male) |
| 23:01 | Crear | Villager (Male) |
| 24:10 | Construir | Farm |
| 24:11 | Construir | Farm |
| 24:15 | Construir | Barracks |
| 24:32 | Crear | Villager (Male) |
| 24:32 | Crear | Villager (Male) |
| 24:33 | Crear | Villager (Male) |
Build order — MeowMe
Primeras 150 de 488 acciones detectadas
| 0:29 | Construir | Town Center |
| 1:41 | Construir | Dock |
| 1:44 | Construir | House |
| 2:43 | Crear | Villager (Male) |
| 2:43 | Crear | Villager (Male) |
| 2:43 | Crear | Villager (Male) |
| 2:43 | Crear | Villager (Male) |
| 2:44 | Crear | Villager (Male) |
| 2:49 | Investigar | Loom |
| 3:54 | Crear | Fishing Ship |
| 4:18 | Construir | House |
| 4:51 | Crear | Fishing Ship |
| 5:21 | Crear | Villager (Male) |
| 5:21 | Crear | Villager (Male) |
| 5:43 | Crear | Fishing Ship |
| 5:54 | Construir | House |
| 6:30 | Construir | Mill |
| 6:41 | Crear | Villager (Male) |
| 6:41 | Crear | Villager (Male) |
| 7:17 | Crear | Fishing Ship |
| 7:18 | Crear | Villager (Male) |
| 7:35 | Crear | Villager (Male) |
| 7:35 | Crear | Villager (Male) |
| 7:35 | Crear | Villager (Male) |
| 8:12 | Crear | Villager (Male) |
| 8:23 | Construir | House |
| 8:25 | Construir | House |
| 8:57 | Crear | Villager (Male) |
| 8:57 | Crear | Villager (Male) |
| 8:57 | Crear | Villager (Male) |
| 9:17 | Crear | Villager (Male) |
| 9:17 | Crear | Villager (Male) |
| 9:41 | Construir | Lumber Camp |
| 9:45 | Crear | Villager (Male) |
| 9:45 | Crear | Villager (Male) |
| 9:45 | Crear | Villager (Male) |
| 9:57 | Crear | Fishing Ship |
| 10:45 | Crear | Villager (Male) |
| 10:45 | Crear | Villager (Male) |
| 11:08 | Crear | Villager (Male) |
| 11:08 | Crear | Villager (Male) |
| 11:08 | Crear | Villager (Male) |
| 11:25 | Crear | Villager (Male) |
| 11:26 | Crear | Villager (Male) |
| 11:50 | Construir | Mill |
| 12:25 | Construir | Mill |
| 12:32 | Crear | Villager (Male) |
| 12:32 | Crear | Villager (Male) |
| 12:41 | Crear | Villager (Male) |
| 12:58 | Construir | Farm |
| 13:10 | Investigar | Feudal Age |
| 13:41 | Construir | Mining Camp |
| 15:06 | Crear | Villager (Male) |
| 15:06 | Crear | Villager (Male) |
| 15:42 | Edad | Edad Feudal |
| 15:51 | Construir | Blacksmith |
| 15:58 | Construir | Market |
| 16:31 | Construir | Mill |
| 16:50 | Investigar | Castle Age |
| 16:50 | Investigar | Castle Age |
| 16:53 | Crear | Villager (Male) |
| 17:27 | Crear | Villager (Male) |
| 17:28 | Crear | Villager (Male) |
| 17:28 | Crear | Villager (Male) |
| 17:46 | Construir | Barracks |
| 18:07 | Construir | Mining Camp |
| 18:47 | Construir | Barracks |
| 18:51 | Investigar | Scale Mail Armor |
| 18:52 | Investigar | Man-at-Arms (upgrade) |
| 18:56 | Crear | Villager (Male) |
| 19:15 | Investigar | Double-Bit Axe |
| 19:30 | Edad | Edad de los Castillos |
| 19:52 | Crear | Villager (Male) |
| 19:52 | Crear | Villager (Male) |
| 19:53 | Crear | Villager (Male) |
| 19:53 | Crear | Villager (Male) |
| 20:01 | Construir | House |
| 20:03 | Construir | House |
| 20:11 | Investigar | Long Swordsman (upgrade) |
| 20:27 | Investigar | Squires |
| 20:38 | Investigar | Stone Mining |
| 21:06 | Construir | Castle |
| 21:18 | Construir | House |
| 21:23 | Construir | House |
| 21:25 | Construir | House |
| 21:30 | Construir | House |
| 21:35 | Crear | Villager (Male) |
| 21:35 | Crear | Villager (Male) |
| 21:42 | Construir | House |
| 21:43 | Construir | House |
| 21:44 | Construir | House |
| 21:45 | Construir | House |
| 21:53 | Investigar | Forging |
| 21:57 | Crear | Villager (Male) |
| 22:18 | Crear | Huskarl |
| 22:32 | Investigar | Gold Mining |
| 23:24 | Construir | House |
| 23:26 | Construir | House |
| 23:45 | Construir | Palisade Wall |
| 23:45 | Construir | Palisade Wall |
| 23:46 | Construir | Palisade Wall |
| 23:47 | Construir | Palisade Wall |
| 23:48 | Crear | Villager (Male) |
| 23:49 | Crear | Villager (Male) |
| 23:49 | Crear | Villager (Male) |
| 23:58 | Crear | Huskarl |
| 23:58 | Crear | Huskarl |
| 23:58 | Crear | Huskarl |
| 23:58 | Crear | Huskarl |
| 25:19 | Construir | Castle |
| 25:30 | Crear | Villager (Male) |
| 25:30 | Crear | Villager (Male) |
| 25:37 | Construir | Lumber Camp |
| 25:43 | Crear | Huskarl |
| 25:43 | Crear | Huskarl |
| 25:59 | Construir | House |
| 26:15 | Crear | Huskarl |
| 26:16 | Crear | Huskarl |
| 26:33 | Construir | Farm |
| 26:42 | Crear | Huskarl |
| 26:42 | Crear | Huskarl |
| 26:42 | Crear | Huskarl |
| 26:49 | Construir | Farm |
| 27:12 | Crear | Villager (Male) |
| 27:13 | Crear | Villager (Male) |
| 27:23 | Construir | House |
| 27:24 | Construir | House |
| 27:26 | Construir | House |
| 27:27 | Construir | House |
| 28:09 | Crear | Villager (Male) |
| 28:09 | Crear | Villager (Male) |
| 28:09 | Crear | Villager (Male) |
| 28:10 | Crear | Villager (Male) |
| 28:15 | Construir | Farm |
| 28:15 | Construir | Farm |
| 28:16 | Construir | Farm |
| 28:16 | Construir | Farm |
| 28:51 | Crear | Huskarl |
| 28:51 | Crear | Huskarl |
| 29:15 | Crear | Huskarl |
| 29:15 | Crear | Huskarl |
| 29:27 | Crear | Villager (Male) |
| 29:43 | Crear | Huskarl |
| 29:44 | Crear | Huskarl |
| 29:44 | Crear | Huskarl |
| 29:44 | Crear | Huskarl |
| 29:47 | Crear | Villager (Male) |
| 29:47 | Crear | Villager (Male) |
| 29:52 | Construir | Farm |
| 29:52 | Construir | Farm |
Build order — knife
Primeras 150 de 600 acciones detectadas
| 0:16 | Construir | Town Center |
| 1:03 | Construir | House |
| 2:01 | Construir | Dock |
| 2:43 | Crear | Villager (Male) |
| 2:43 | Crear | Villager (Male) |
| 3:05 | Crear | Villager (Male) |
| 3:05 | Crear | Villager (Male) |
| 3:05 | Crear | Villager (Male) |
| 3:48 | Crear | Fishing Ship |
| 3:48 | Crear | Fishing Ship |
| 3:48 | Crear | Fishing Ship |
| 4:17 | Investigar | Loom |
| 4:35 | Construir | House |
| 4:51 | Crear | Villager (Male) |
| 4:51 | Crear | Villager (Male) |
| 4:51 | Crear | Villager (Male) |
| 5:10 | Crear | Fishing Ship |
| 5:34 | Crear | Villager (Male) |
| 5:38 | Crear | Villager (Male) |
| 5:38 | Crear | Villager (Male) |
| 5:38 | Crear | Villager (Male) |
| 5:52 | Construir | Palisade Wall |
| 6:06 | Crear | Villager (Male) |
| 6:06 | Crear | Villager (Male) |
| 6:30 | Crear | Villager (Male) |
| 6:30 | Crear | Villager (Male) |
| 7:09 | Crear | Villager (Male) |
| 7:09 | Crear | Villager (Male) |
| 7:09 | Crear | Villager (Male) |
| 7:16 | Crear | Fishing Ship |
| 7:23 | Construir | House |
| 7:32 | Crear | Fishing Ship |
| 7:39 | Crear | Villager (Male) |
| 8:05 | Crear | Villager (Male) |
| 8:10 | Construir | House |
| 8:17 | Crear | Villager (Male) |
| 8:19 | Crear | Villager (Male) |
| 8:31 | Crear | Villager (Male) |
| 8:46 | Crear | Fishing Ship |
| 9:04 | Construir | House |
| 9:48 | Crear | Villager (Male) |
| 9:59 | Construir | Mining Camp |
| 10:05 | Crear | Villager (Male) |
| 10:09 | Construir | House |
| 10:12 | Crear | Fishing Ship |
| 10:38 | Crear | Villager (Male) |
| 11:01 | Investigar | Feudal Age |
| 11:01 | Investigar | Feudal Age |
| 11:17 | Construir | Barracks |
| 11:22 | Crear | Fishing Ship |
| 11:24 | Construir | House |
| 12:12 | Construir | Outpost |
| 12:17 | Construir | Palisade Wall |
| 12:26 | Crear | Villager (Male) |
| 12:51 | Construir | Dock |
| 13:16 | Edad | Edad Feudal |
| 13:16 | Crear | Villager (Male) |
| 13:19 | Construir | Archery Range |
| 13:26 | Investigar | Town Watch |
| 13:32 | Construir | Blacksmith |
| 13:40 | Construir | Blacksmith |
| 13:53 | Construir | House |
| 13:59 | Crear | Archer |
| 13:59 | Crear | Archer |
| 14:19 | Construir | Outpost |
| 14:24 | Construir | Archery Range |
| 14:25 | Crear | Archer |
| 14:29 | Investigar | Fletching |
| 14:30 | Investigar | Fletching |
| 14:37 | Crear | Villager (Male) |
| 14:38 | Crear | Villager (Male) |
| 15:18 | Crear | Spearman |
| 15:23 | Construir | Palisade Wall |
| 15:25 | Construir | Palisade Wall |
| 15:26 | Construir | Palisade Wall |
| 15:29 | Construir | Palisade Wall |
| 15:37 | Crear | Spearman |
| 15:42 | Construir | Lumber Camp |
| 16:02 | Construir | Palisade Wall |
| 16:08 | Crear | Archer |
| 16:09 | Crear | Archer |
| 16:35 | Crear | Villager (Male) |
| 16:39 | Crear | Archer |
| 16:39 | Crear | Archer |
| 16:44 | Crear | Villager (Male) |
| 16:53 | Construir | Palisade Wall |
| 16:54 | Crear | Villager (Male) |
| 16:55 | Crear | Archer |
| 16:55 | Crear | Archer |
| 16:56 | Crear | Archer |
| 17:03 | Construir | Watch Tower |
| 17:06 | Crear | Villager (Male) |
| 17:11 | Crear | Fishing Ship |
| 17:11 | Crear | Fishing Ship |
| 17:18 | Crear | Archer |
| 17:38 | Crear | Villager (Male) |
| 17:41 | Construir | House |
| 17:49 | Investigar | Padded Archer Armor |
| 17:50 | Investigar | Padded Archer Armor |
| 17:50 | Crear | Villager (Male) |
| 18:20 | Crear | Spearman |
| 18:20 | Crear | Spearman |
| 18:30 | Crear | Archer |
| 18:43 | Crear | Villager (Male) |
| 18:58 | Crear | Villager (Male) |
| 18:59 | Crear | Villager (Male) |
| 18:59 | Crear | Villager (Male) |
| 18:59 | Crear | Villager (Male) |
| 19:12 | Crear | Archer |
| 19:12 | Crear | Archer |
| 19:19 | Crear | Villager (Male) |
| 19:19 | Crear | Villager (Male) |
| 19:29 | Crear | Archer |
| 19:31 | Crear | Archer |
| 19:34 | Construir | Palisade Wall |
| 19:35 | Construir | Palisade Wall |
| 19:58 | Crear | Villager (Male) |
| 20:10 | Crear | Villager (Male) |
| 20:11 | Crear | Archer |
| 20:25 | Crear | Villager (Male) |
| 20:36 | Construir | Mill |
| 20:41 | Crear | Villager (Male) |
| 20:47 | Crear | Fishing Ship |
| 20:47 | Crear | Fishing Ship |
| 20:51 | Construir | Dock |
| 21:12 | Crear | Archer |
| 21:35 | Construir | Farm |
| 21:35 | Construir | Farm |
| 21:38 | Construir | Farm |
| 21:57 | Construir | Farm |
| 22:02 | Construir | Farm |
| 22:05 | Construir | Farm |
| 22:12 | Crear | Archer |
| 22:12 | Crear | Archer |
| 22:26 | Investigar | Wheelbarrow |
| 22:26 | Investigar | Wheelbarrow |
| 22:29 | Investigar | Tech 906 |
| 22:29 | Investigar | Tech 906 |
| 22:29 | Crear | Fishing Ship |
| 22:30 | Crear | Fishing Ship |
| 22:31 | Crear | Fishing Ship |
| 22:43 | Construir | House |
| 22:44 | Construir | House |
| 22:56 | Construir | Mining Camp |
| 24:16 | Construir | Palisade Wall |
| 24:18 | Construir | Palisade Wall |
| 24:42 | Investigar | Castle Age |
| 24:42 | Investigar | Castle Age |
| 24:43 | Crear | Villager (Male) |
| 24:43 | Crear | Villager (Male) |
Cronología de la partida
| 0:23 | 摸鱼种田 · first_building Dock |
| 0:34 | DNNANAV4 · first_building Dock |
| 0:37 | Wall.E · first_building Dock |
| 0:40 | Wall.E · wall_segment Palisade Wall x1 |
| 1:05 | Wall.E · wall_segment Palisade Wall x1 |
| 1:08 | Locke · first_building Dock |
| 1:08 | Wall.E · wall_segment Palisade Wall x1 |
| 1:15 | OLADUSHEK · first_building Dock |
| 1:41 | MeowMe · first_building Dock |
| 2:01 | knife · first_building Dock |
| 2:20 | Locke · wall_segment Palisade Wall x1 |
| 2:24 | Locke · wall_segment Palisade Wall x1 |
| 2:33 | Locke · wall_segment Palisade Wall x1 |
| 2:36 | guri · first_building Dock |
| 4:31 | guri · wall_segment Palisade Wall x5 |
| 5:52 | knife · wall_segment Palisade Wall x1 |
| 6:25 | Locke · wall_segment Palisade Wall x1 |
| 6:27 | Locke · wall_segment Palisade Wall x1 |
| 6:37 | Locke · wall_segment Palisade Wall x1 |
| 6:37 | guri · wall_segment Palisade Wall x10 |
| 6:43 | guri · wall_segment Palisade Wall x7 |
| 7:03 | guri · wall_segment Palisade Wall x3 |
| 8:03 | Locke · wall_segment Palisade Wall x1 |
| 8:03 | Locke · wall_segment Palisade Wall x1 |
| 9:58 | guri · wall_segment Palisade Wall x1 |
| 10:00 | guri · wall_segment Palisade Wall x1 |
| 10:19 | Wall.E · wall_segment Palisade Wall x1 |
| 10:21 | Wall.E · wall_segment Palisade Wall x1 |
| 11:11 | OLADUSHEK · wall_segment Palisade Wall x1 |
| 11:17 | knife · first_building Barracks |
| 11:20 | Wall.E · wall_segment Palisade Wall x1 |
| 11:22 | OLADUSHEK · first_building Barracks |
| 12:17 | knife · wall_segment Palisade Wall x1 |
| 12:18 | DNNANAV4 · age_up feudal |
| 12:45 | OLADUSHEK · age_up feudal |
| 12:54 | OLADUSHEK · first_building Stable |
| 13:16 | knife · age_up feudal |
| 13:19 | knife · first_building Archery Range |
| 13:33 | Wall.E · age_up feudal |
| 13:33 | 摸鱼种田 · age_up feudal |
| 13:35 | Locke · wall_segment Palisade Wall x4 |
| 13:59 | Locke · age_up feudal |
| 14:36 | DNNANAV4 · wall_segment Stone Wall x1 |
| 15:23 | knife · wall_segment Palisade Wall x1 |
| 15:25 | knife · wall_segment Palisade Wall x1 |
| 15:26 | 摸鱼种田 · first_market_buy 100 stone |
| 15:26 | knife · wall_segment Palisade Wall x1 |
| 15:29 | knife · wall_segment Palisade Wall x1 |
| 15:42 | MeowMe · age_up feudal |
| 16:02 | knife · wall_segment Palisade Wall x1 |
| 16:09 | guri · age_up feudal |
| 16:39 | 摸鱼种田 · first_market_sell 100 food |
| 16:53 | knife · wall_segment Palisade Wall x5 |
| 17:03 | 摸鱼种田 · age_up castle |
| 17:17 | 摸鱼种田 · first_building Castle |
| 17:20 | guri · wall_segment Palisade Wall x1 |
| 17:42 | Locke · age_up castle |
| 17:46 | Locke · first_building Castle |
| 17:46 | MeowMe · first_building Barracks |
| 18:29 | 摸鱼种田 · wall_segment Stone Wall x1 |
| 18:33 | 摸鱼种田 · wall_segment Stone Wall x2 |
| 18:44 | 摸鱼种田 · wall_segment Stone Wall x1 |
| 18:56 | DNNANAV4 · wall_segment Stone Wall x2 |
| 18:58 | DNNANAV4 · wall_segment Stone Wall x7 |
| 19:13 | guri · wall_segment Stone Wall x1 |
| 19:30 | MeowMe · age_up castle |
| 19:34 | knife · wall_segment Palisade Wall x1 |
| 19:35 | knife · wall_segment Palisade Wall x1 |
| 20:54 | MeowMe · first_market_buy 100 stone |
| 20:59 | MeowMe · first_market_sell 100 food |
| 21:01 | DNNANAV4 · first_building Barracks |
| 21:03 | OLADUSHEK · wall_segment Stone Wall x3 |
| 21:06 | OLADUSHEK · wall_segment Stone Wall x5 |
| 21:06 | MeowMe · first_building Castle |
| 21:31 | guri · first_market_buy 100 wood |
| 21:34 | Locke · first_building Siege Workshop |
| 21:41 | guri · age_up castle |
| 22:06 | guri · first_market_sell 100 food |
| 22:35 | DNNANAV4 · age_up castle |
| 22:49 | Locke · first_market_sell 100 stone |
| 23:15 | Wall.E · wall_segment Palisade Wall x1 |
| 23:15 | Wall.E · wall_segment Palisade Wall x1 |
| 23:45 | MeowMe · wall_segment Palisade Wall x1 |
| 23:45 | MeowMe · wall_segment Palisade Wall x1 |
| 23:46 | MeowMe · wall_segment Palisade Wall x1 |
| 23:47 | MeowMe · wall_segment Palisade Wall x1 |
| 24:09 | OLADUSHEK · wall_segment Stone Wall x1 |
| 24:12 | Wall.E · age_up castle |
| 24:15 | guri · first_building Barracks |
| 24:16 | knife · wall_segment Palisade Wall x1 |
| 24:18 | knife · wall_segment Palisade Wall x1 |
| 24:18 | Wall.E · first_market_buy 100 stone |
| 24:51 | DNNANAV4 · first_building Castle |
| 25:04 | OLADUSHEK · first_market_sell 100 food |
| 25:05 | Wall.E · first_building Castle |
| 25:29 | guri · first_building Siege Workshop |
| 26:58 | Locke · first_market_buy 100 food |
| 27:22 | knife · age_up castle |
| 27:22 | Wall.E · first_building Siege Workshop |
| 27:43 | Locke · first_building Barracks |
| 27:53 | DNNANAV4 · first_market_buy 100 stone |
| 28:05 | Wall.E · wall_segment Palisade Wall x1 |
| 28:08 | Wall.E · wall_segment Palisade Wall x1 |
| 28:13 | knife · wall_segment Palisade Wall x2 |
| 28:40 | guri · first_building Castle |
| 29:05 | knife · first_building Castle |
| 29:15 | OLADUSHEK · first_building Archery Range |
| 29:43 | OLADUSHEK · age_up castle |
| 29:59 | knife · first_building Siege Workshop |
| 30:29 | OLADUSHEK · first_market_buy 100 wood |
| 31:04 | DNNANAV4 · wall_segment Stone Wall x9 |
| 31:35 | DNNANAV4 · wall_segment Stone Wall x3 |
| 32:03 | DNNANAV4 · first_building Stable |
| 32:19 | guri · first_building Stable |
| 34:00 | 摸鱼种田 · first_building Siege Workshop |
| 34:15 | knife · first_market_sell 100 food |
| 37:28 | knife · age_up imperial |
| 37:28 | DNNANAV4 · age_up imperial |
| 37:36 | knife · first_market_buy 100 wood |
| 38:06 | knife · wall_segment Palisade Wall x1 |
| 38:34 | MeowMe · tribute_sent a jugador 1 |
| 38:34 | MeowMe · tribute_sent a jugador 2 |
| 38:34 | MeowMe · tribute_sent a jugador 3 |
| 38:34 | MeowMe · tribute_sent a jugador 4 |
| 38:34 | MeowMe · tribute_sent a jugador 5 |
| 38:34 | MeowMe · tribute_sent a jugador 7 |
| 38:34 | MeowMe · tribute_sent a jugador 8 |
| 41:12 | guri · age_up imperial |
| 41:17 | DNNANAV4 · wall_segment Stone Wall x1 |
| 41:21 | Locke · wall_segment Stone Wall x1 |
| 41:23 | Locke · wall_segment Stone Wall x1 |
| 41:24 | Locke · wall_segment Stone Wall x1 |
| 41:28 | DNNANAV4 · first_market_sell 100 wood |
| 42:33 | Locke · age_up imperial |
| 43:37 | DNNANAV4 · wall_segment Stone Wall x4 |
| 44:04 | 摸鱼种田 · first_building Barracks |
| 44:44 | OLADUSHEK · first_building Monastery |
| 44:59 | 摸鱼种田 · first_building Stable |
| 45:34 | OLADUSHEK · tribute_sent a jugador 1 |
| 45:34 | OLADUSHEK · tribute_sent a jugador 2 |
| 45:34 | OLADUSHEK · tribute_sent a jugador 3 |
| 45:34 | OLADUSHEK · tribute_sent a jugador 5 |
| 45:34 | OLADUSHEK · tribute_sent a jugador 6 |
| 45:34 | OLADUSHEK · tribute_sent a jugador 7 |
| 45:34 | OLADUSHEK · tribute_sent a jugador 8 |
| 46:29 | 摸鱼种田 · first_building Monastery |
| 47:13 | MeowMe · wall_segment Palisade Wall x1 |
| 47:17 | MeowMe · wall_segment Palisade Wall x1 |
| 47:18 | MeowMe · wall_segment Palisade Wall x1 |
| 47:18 | MeowMe · wall_segment Palisade Wall x1 |
| 47:20 | MeowMe · wall_segment Palisade Wall x1 |
| 47:37 | OLADUSHEK · wall_segment Stone Wall x5 |
| 47:51 | DNNANAV4 · wall_segment Stone Wall x1 |
| 48:52 | OLADUSHEK · wall_segment Stone Wall x1 |
| 48:52 | OLADUSHEK · age_up imperial |
| 49:45 | MeowMe · wall_segment Palisade Wall x1 |
| 49:46 | MeowMe · wall_segment Palisade Wall x1 |
| 51:57 | OLADUSHEK · wall_segment Stone Wall x2 |
| 51:57 | MeowMe · age_up imperial |
| 52:55 | 摸鱼种田 · age_up imperial |
| 54:29 | knife · wall_segment Palisade Wall x1 |
| 54:32 | knife · wall_segment Palisade Wall x1 |
| 55:18 | Locke · wall_segment Stone Wall x4 |
| 55:22 | Locke · wall_segment Stone Wall x3 |
| 55:24 | Locke · wall_segment Stone Wall x1 |
| 55:24 | Locke · wall_segment Stone Wall x1 |
| 55:26 | Locke · wall_segment Stone Wall x1 |
| 57:05 | DNNANAV4 · wall_segment Stone Wall x6 |
| 58:20 | Wall.E · age_up imperial |
| 59:19 | OLADUSHEK · tribute_sent a jugador 1 |
| 59:19 | OLADUSHEK · tribute_sent a jugador 2 |
| 59:19 | OLADUSHEK · tribute_sent a jugador 3 |
| 59:19 | OLADUSHEK · tribute_sent a jugador 5 |
| 59:19 | OLADUSHEK · tribute_sent a jugador 6 |
| 59:19 | OLADUSHEK · tribute_sent a jugador 7 |
| 59:19 | OLADUSHEK · tribute_sent a jugador 8 |
| 62:18 | OLADUSHEK · resign |
[ ANÁLISIS IA · 1 CRÉDITO ]
¿Qué pasó realmente en esta partida?
Wolo.gg analiza cada decisión: build order, eco, micro, errores típicos por bracket. Análisis personalizado por WhatsApp o Discord en 30 segundos.
Guía civ
Japoneses
Perfil
Jugador #23955750